 Dungeon Crawl Stone Soup version 0.28-a0-998-gb9e9c7b67e (webtiles) character file.

Game seed: 4530343689668267524

204 olmar the Chopper (level 5, -1/47 HPs)
             Began as a Hill Orc Fighter on Dec 5, 2021.
             Slain by Terence (11 damage)
             ... on level 2 of the Dungeon.
             The game lasted 00:01:16 (1388 turns).

olmar the Chopper (Hill Orc Fighter)                Turns: 1388, Time: 00:01:16

Health: -1/47      AC:  7    Str: 21    XL:     5   Next: 82%
Magic:  5/5        EV: 10    Int:  8    God:
Gold:   84         SH:  4    Dex: 10    Spells: 4/4 levels left

rFire   . . .      SeeInvis .   a - +0 war axe
rCold   . . .      Faith    .   c - +0 buckler
rNeg    . . .      Spirit   .   b - +0 scale mail
rPois   .          Reflect  .   (no helmet)
rElec   .          Harm     .   (no cloak)
rCorr   .          Rampage  .   (no gloves)
Will    .....                   (no boots)
Stlth   ..........              (no amulet)
HPRegen 0.15/turn               (no ring)
MPRegen 0.09/turn               (no ring)

@: mighty
A: no striking features
a: no special abilities


You were on level 2 of the Dungeon.
You visited 1 branch of the dungeon, and saw 2 of its levels.

You collected 84 gold pieces.

Inventory:

Hand Weapons
 a - a +0 war axe (weapon)
Armour
 b - a +0 scale mail (worn)
 c - a +0 buckler (worn)
Jewellery
 j - a +6 ring of intelligence
Scrolls
 e - 2 scrolls of identify {unknown}
 f - 2 scrolls of enchant weapon {unknown}
 g - 2 scrolls of fear {unknown}
 h - a scroll of teleportation {unknown}
Potions
 i - a potion of lignification {unknown}


   Skills:
 + Level 4.4 Fighting
 + Level 4.9 Axes
 + Level 4.3 Armour
 + Level 1.0 Dodging
 + Level 0.2 Stealth
 + Level 4.1 Shields


You had 4 spell levels left.
You didn't know any spells.
Your spell library contained the following spells:

 Spells                   Type           Power      Damage    Failure   Level
 Beastly Appendage        Tmut           0%         N/A       75%         1
 Wereblood                Tmut           0%         N/A       86%         2
 Spider Form              Tmut/Pois      0%         N/A       98%         3


Dungeon Overview and Level Annotations

Branches:
Dungeon (2/15)

Altars:

Annotations:
D:2 Terence


Message History

Unknown command.
You slash Sigmund!
Sigmund is severely wounded.
You barely miss Terence. Sigmund hits you with a +0 scythe.
Terence hits you with a +0 morningstar.
Unknown command.
You closely miss Sigmund.
Sigmund is severely wounded.
You hit Terence. Terence hits you but does no damage.
Sigmund hits you but does no damage. Terence barely misses you.
Unknown command.
Unknown command.
You closely miss Sigmund.
Sigmund is severely wounded.
You hit Terence but do no damage. You block Sigmund's attack.
Terence hits you but does no damage.
Unknown command.
Unknown command.
You slash Sigmund!
You kill Sigmund!
You hit Terence.
Terence drinks a potion.
Terence is healed!
Your Axes skill increases to level 4!
Your Armour skill increases to level 4!
Your Dodging skill increases to level 1!
Your Shields skill increases to level 4!
You have reached level 4!
You have reached level 5!
You feel stronger.
Unknown command.
Unknown command.
You barely miss Terence. Terence hits you with a +0 morningstar!
* * * LOW HITPOINT WARNING * * *
Unknown command.
You barely miss Terence. Terence closely misses you.
Terence hits you but does no damage.
Unknown command.
Unknown command.
You hit Terence.
Terence is lightly wounded.
Terence hits you with a +0 morningstar!
You die...

#.#....# #.
###)#....## ##
#.........####
#.........##..
#.........##.#
#####
#.........##.#
#####...#
###'########.'
......).# #.#
#.'
.≈≈≈≈≈@@#####.#
#.'
.≈≈≈≈≈........#
###
.≈≈≈≈≈(########
.≈≈≈≈≈. .......
..≈≈≈≈. ≈.≈≈≈≈.
≈.≈≈≈≈.


You could see Terence.

Vanquished Creatures
  Sigmund (D:2)
  2 adders (D:2)
  3 bats
  An endoplasm (D:2)
  3 giant cockroaches
  2 goblins
  3 hobgoblins
  A kobold (D:2)
  2 quokkas (D:1)
  2 ball pythons (D:1)
  6 rats
26 creatures vanquished.

Notes
Turn   | Place    | Note
-------+----------+-------------------------------------------
     0 | D:1      | olmar the Hill Orc Fighter began the quest for the Orb.
     0 | D:1      | Reached XP level 1. HP: 19/19 MP: 1/1
    61 | D:1      | Found a faded altar of an unknown god.
   160 | D:1      | Reached XP level 2. HP: 25/27 MP: 2/2
   727 | D:2      | Reached XP level 3. HP: 21/33 MP: 3/3
  1372 | D:2      | Noticed Sigmund
  1372 | D:2      | Noticed Terence
  1385 | D:2      | Killed Sigmund
  1386 | D:2      | Reached skill level 1 in Dodging
  1386 | D:2      | Reached XP level 4. HP: 15/41 MP: 4/4
  1386 | D:2      | Reached XP level 5. HP: 18/47 MP: 5/5
  1388 | D:2      | Slain by Terence

Illustrated notes

Levels and vault maps discovered:
D:1:      eino_arrival_water_star, layout_loops_cross,
          shapermc_ecumenical_altar_mp_highgroup, chequers_mini_garden,
          minmay_tetromino_s2
D:2:      layout_basic, minmay_misc_feat_nine_boxes, minivault_14,
          kennysheep_cross_bottleneck, uniq_terence, uniq_sigmund

Skill      XL: |  1  2  3 |
---------------+----------+-----
Fighting       | 4 |  4.4
Axes           | 3 4 |  4.9
Armour         | 4 |  4.3
Dodging        | 1 |  1.0
Shields        | 4 |  4.1
Stealth        | |  0.2

Action                   |  1- 3 |  4- 6 || total
-------------------------+-------+-------++-------
Melee: War axe           |    86 |     3 ||    89
  Use: Potion            |     1 |       ||     1
Armor: Scale mail        |    46 |     1 ||    47
Dodge: Dodged            |    50 |     1 ||    51
Block: Buckler           |    24 |       ||    24

Table legend: (Time is in decaauts)
 A = Elapsed time spent in this place.
 B = Non-inter-level travel time spent in this place.
 C = Inter-level travel time spent in this place.
 D = Time resting spent in this place.
 E = Time spent auto-exploring this place.
 F = Levels seen in this place.
 G = Mean time per level.
                   A        B        C        D        E       F      G
               +--------+--------+--------+--------+--------+-----+--------+
         Total |   1421 |   1419 |      2 |      0 |   1200 |   2 |  710.5 |
       Dungeon |   1421 |   1419 |      2 |      0 |   1200 |   2 |  710.5 |
               +--------+--------+--------+--------+--------+-----+--------+

Top non-repeatable levels by time:
     D:2: 797 daAuts
     D:1: 624 daAuts
